 Dungeon Crawl Stone Soup version 0.28.0 (webtiles) character file.

Game seed: 8495797765614578502

3222 porpoise the Skirmisher (level 10, 0/78 HPs)
             Began as a Djinni Conjurer on Feb 15, 2022.
             Was a Follower of Ashenzari.
             Shot with a sling bullet by Joseph (15 damage)
             ... on level 8 of the Dungeon.
             The game lasted 00:31:27 (9462 turns).

porpoise the Skirmisher (Djinni Conjurer)           Turns: 9462, Time: 00:31:27

Health: 0/78       AC:  7    Str:  8    XL:     10   Next: 18%
Gold:   427        EV: 11    Int: 22    God:    Ashenzari [*.....] SH:  6 Dex: 12

rFire   + + +      SeeInvis .   b - +1 hunting sling
rCold   x . .      Faith    .   e - +2 buckler "Share My Fetters" {Self, Range} (curse)
rNeg    + . .      Spirit   .   x - +2 robe "Elysian Failure" {rN+, Evo, Self} (curse)
rPois   ∞          Reflect  .   r - +1 helmet
rElec   .          Harm     .   (no cloak)
rCorr   .          Rampage  .   o - +0 pair of gloves
Will    +....                   (boots unavailable)
Stlth   +++.......              (no amulet)
HPRegen 0.23/turn               u - ring of protection from fire
MPRegen 0.00/turn               (no ring)

@: flying
A: sickness immunity, fire resistance 2, cold vulnerability 1, float, innate
caster, HP casting, extra vitality 1
a: Renounce Religion, Shatter the Chains


You were on level 8 of the Dungeon.
You worshipped Ashenzari.
Ashenzari was aware of your devotion.
You visited 2 branches of the dungeon, and saw 9 of its levels.

You collected 460 gold pieces.
You spent 33 gold pieces at shops.

Inventory:

Hand Weapons
 a - a +2 whip of electrocution
 b - a +1 hunting sling (weapon)
 I - a +5 spear
Missiles
 d - 2 javelins
 g - 165 arrows
 l - 222 stones (quivered ammo)
 t - 28 sling bullets
 y - 4 boomerangs
 z - 31 bolts
 D - 8 poisoned darts
Armour
 e - the cursed +2 buckler "Share My Fetters" (worn) {Self, Range}
   (You found it on level 1 of the Dungeon)

   It has a curse which improves the following skills: Introspection: Fighting
   and Spellcasting.
   Ranged Combat: Slings, Bows, Crossbows and Throwing.
 o - a +0 pair of gloves (worn)
 r - a +1 helmet (worn)
 x - the cursed +2 robe "Elysian Failure" (worn) {rN+, Evo, Self}
   (You took it off Pikel on level 5 of the Dungeon)

   It has a curse which improves the following skills: Evocations: Evocations.
   Introspection: Fighting and Spellcasting.
 K - a +3 leather armour
Magical Staves
 q - a staff of air
Jewellery
 u - a ring of protection from fire (left hand)
Wands
 p - a wand of polymorph (14)
 s - a wand of flame (2)
 H - a wand of acid (19)
Scrolls
 i - 2 scrolls of enchant weapon
 j - 2 scrolls of fog
 v - a scroll of torment
 w - a scroll of vulnerability
 E - a scroll of teleportation
Potions
 c - a potion of haste
 f - a potion of ambrosia
 h - 2 potions of mutation
 k - a potion of resistance
 m - a potion of invisibility
 n - 3 potions of curing
 A - 4 potions of berserk rage
 B - a potion of heal wounds
 C - a potion of lignification
 F - 2 potions of might
 G - a potion of flight
 J - a potion of brilliance


   Skills:
 - Level 7.7(9.1) Fighting
 - Level 2.1 Dodging
 - Level 5.0 Stealth
 * Level 3.6 Shields
 * Level 7.5(8.9) Spellcasting
 + Level 2.3(3.1) Evocations


You had 3 spell levels left.
You knew the following spells:

 Your Spells              Type           Power      Damage    Failure   Level
a - Magic Dart            Conj           100%       1d8       1%          1
b - Searing Ray           Conj           98%        2d8       1%          2
c - Fulminant Prism       Conj/Hex       24%        3d13      2%          4
d - Iskenderun's Mystic   Conj/Tloc      49%        2d11      2%          4
f - Conjure Flame         Conj/Fire      49%        6-21      1%          3
n - Pain                  Necr           100%       1d9       1%          1
s - Static Discharge      Conj/Air       49%        N/A       1%          2
w - Swiftness             Air            49%        N/A       1%          3
z - Dazzling Flash        Conj/Hex       98%        N/A       1%          3
Your spell library was empty.

Dungeon Overview and Level Annotations

Branches:
Dungeon (8/15)             Temple (1/1) D:5
   Lair: D:8-11

Altars:
Ashenzari
Dithmenos
Elyvilon
Fedhas
Hepliaklqana
Kikubaaqudgha
Makhleb
Okawaru
Ru
Sif Muna
Trog
Uskayaw
Vehumet
Xom
Yredelemnul
Zin
Jiyva

Shops:
D:2 (   D:5 *

Annotations:
D:4 3 runed translucent doors, browni3141's ghost, amateur MiBe
D:6 3 runed translucent doors, SweetAndFullOfGrace's ghost, amateur SpSu
D:8 Joseph


Innate Abilities, Weirdness & Mutations

You are immune to sickness and miasma.
You are immune to poison.
Your flesh is very heat resistant. (rF++)
You are vulnerable to cold. (rC-)
You float through the air rather than walking.
You learn spells naturally, not from books.
Your magical power is your life essence.
You have superior vitality. (+4 MHP)


Message History

Your fulminant prism crackles loudly.
The searing ray misses the wight.
The searing ray hits Joseph.
Joseph is moderately wounded.
Joseph grins evilly.
The wight hits you from afar with a +0 spear.
Your fulminant prism explodes!
The blast of energy engulfs Joseph!
Joseph is heavily wounded.
The blast of energy engulfs the wight!
You destroy the wight!
You hear an angry hiss.
Joseph unwields a +2 quarterstaff of speed.
Joseph wields a +0 hunting sling.
Joseph shoots a sling bullet.
The sling bullet hits you.
A wyvern comes into view.
Casting: Searing Ray (safe; 1% risk of failure)
Confirm with . or Enter, or press ? or * to list all spells.
Aiming: Fulminant Prism (dangerous; 2% risk of failure)
Press: ? - help, Dir - move target You conjure a prism of explosive energy!
A fulminant prism comes into view.
The wyvern bites your fulminant prism!
Your fulminant prism detonates feebly.
Joseph shoots a sling bullet.
The sling bullet hits you!
You hear a shout!
Casting: Fulminant Prism (dangerous; 2% risk of failure)
Confirm with . or Enter, or press ? or * to list all spells.
Aiming: Fulminant Prism (dangerous; 2% risk of failure)
Press: ? - help, Dir - move target You conjure a prism of explosive energy!
* * * LOW HITPOINT WARNING * * *
A fulminant prism comes into view.
The wyvern bites your fulminant prism!
Joseph shoots a sling bullet.
The sling bullet hits you!
* * * LOW HITPOINT WARNING * * *
The wyvern bites your fulminant prism.
Your fulminant prism detonates feebly.
A shadow imp comes into view.
Joseph shoots a sling bullet.
The sling bullet hits you!
You die...

....##. .......
....... ......)
....... ......)
......5####
>....l@)..##
#########.@##########
##..........#
####.......#
#.......# #.......#
######### #.......#
........# #.......#
........# #.......#
##......#####.......#


You could see Joseph, a wyvern and a shadow imp.

Vanquished Creatures
  Erica (D:8)
  Pikel (D:5)
  A water moccasin (D:3)
  2 orc warriors
  2 necrophages
  2 centaurs
  2 ogres (D:5)
  4 lemures (D:5)
  2 bullfrogs (D:7)
  2 scorpions
  2 gnoll sergeants
  A wyvern skeleton (D:7)
  2 howler monkeys (D:6)
  7 wights
  A bullfrog zombie (D:6)
  2 orc priests (D:7)
  2 jellies
  2 centaur skeletons
  A hound (D:6)
  2 iguanas (D:5)
  An orc wizard (D:8)
  2 killer bee zombies
  6 gnolls
  A river rat (D:7)
  7 adders
  An ufetubus (D:5)
  An adder skeleton (D:2)
  A worm (D:2)
  3 dart slugs
  19 orcs
  8 ball pythons
  12 endoplasms
  3 giant cockroaches
  6 goblins
  6 hobgoblins
  4 kobolds
  2 quokkas (D:2)
  9 bats
  A frilled lizard (D:1)
  9 rats
143 creatures vanquished.

Vanquished Creatures (others)
  A human (D:3)
  23 fulminant prisms
  3 fungi (D:6)
  A plant (D:6)
28 creatures vanquished.

Grand Total: 171 creatures vanquished

Notes
Turn   | Place    | Note
-------+----------+-------------------------------------------
     0 | D:1      | porpoise the Djinni Conjurer began the quest for the Orb.
     0 | D:1      | Reached XP level 1. HP: 15/15 MP: 0/0
   353 | D:1      | Reached XP level 2. HP: 20/22 MP: 0/0
   412 | D:1      | Reached skill level 1 in Fighting
  1063 | D:2      | Reached XP level 3. HP: 22/27 MP: 0/0
  1063 | D:2      | Learned a level 1 spell: Pain
  1137 | D:2      | Found Kipraf's Antique Weapon Boutique.
  1958 | D:2      | Reached XP level 4. HP: 27/33 MP: 0/0
  2133 | D:2      | Found a faded altar of an unknown god.
  2610 | D:3      | Noticed a water moccasin
  2618 | D:3      | Killed a water moccasin
  2619 | D:3      | Reached XP level 5. HP: 3/40 MP: 0/0
  2619 | D:3      | Learned a level 2 spell: Static Discharge
  2984 | D:3      | Found a bloodstained altar of Trog.
  3384 | D:3      | Reached XP level 6. HP: 43/46 MP: 0/0
  3448 | D:3      | Found a shadowy altar of Dithmenos.
  3452 | D:3      | Found a shimmering altar of Xom.
  3779 | D:3      | Noticed a human
  3781 | D:3      | Killed a human
  3953 | D:4      | Found a runed translucent gate.
  3953 | D:4      | Found a runed translucent gate.
  3953 | D:4      | Found a runed translucent gate.
  3957 | D:4      | Noticed browni3141's ghost (amateur MiBe)
  3994 | D:4      | Found a sacrificial altar of Ru.
  5040 | D:5      | Entered Level 5 of the Dungeon
  5044 | D:5      | Noticed a necrophage
  5047 | D:5      | Killed a necrophage
  5048 | D:5      | Reached XP level 7. HP: 45/52 MP: 0/0
  5048 | D:5      | Learned a level 3 spell: Swiftness
  5211 | D:5      | Found a staircase to the Ecumenical Temple.
  5288 | Temple   | Entered the Ecumenical Temple
  5359 | Temple   | Became a worshipper of Ashenzari the Shackled
  5370 | D:5      | Noticed Pikel
  5392 | D:5      | HP: 1/53 [Pikel (13)]
  5407 | D:5      | HP: 2/53 [Pikel (10)]
  5411 | D:5      | Killed Pikel
  5412 | D:5      | Reached skill level 5 in Fighting
  5412 | D:5      | Reached skill level 5 in Spellcasting
  5412 | D:5      | Reached XP level 8. HP: 25/61 MP: 0/0
  5709 | D:5      | Found Waesot's General Store.
  5712 | D:5      | Bought a potion of degeneration for 11 gold pieces
  5712 | D:5      | Bought a scroll of identify for 22 gold pieces
  6496 | D:6      | Reached XP level 9. HP: 43/67 MP: 0/0
  6496 | D:6      | Learned a level 3 spell: Conjure Flame
  6804 | D:6      | Found a runed translucent gate.
  6804 | D:6      | Found a runed translucent gate.
  6804 | D:6      | Found a runed translucent gate.
  6807 | D:6      | Noticed SweetAndFullOfGrace's ghost (amateur SpSu)
  6808 | D:6      | Noticed a kobold demonologist
  8143 | D:7      | Reached skill level 5 in Stealth
  8164 | D:7      | Identified the cursed +2 robe "Elysian Failure" {rN+, Evo,
                  | Self} (You took it off Pikel on level 5 of the Dungeon)
  8770 | D:7      | Reached * piety under Ashenzari
  9225 | D:8      | Reached skill level 1 in Shields
  9234 | D:8      | Noticed Erica
  9240 | D:8      | Killed Erica
  9241 | D:8      | Reached XP level 10. HP: 51/78 MP: 0/0
  9450 | D:8      | Noticed Joseph
  9462 | D:8      | Shot with a sling bullet by Joseph

Illustrated notes

Levels and vault maps discovered:
D:1:      lordsloth_arrival_two_stooges, layout_loops_ring
D:2:      layout_basic, hellmonk_ecumenical_altar_inner_sanctum, serial_shops,
          nicolae_shop_behind_doors, minmay_pentomino_t4
D:3:      layout_loops_corners, trog_three_pillars_becter, tgw_kikubaaqudgha,
          grunt_temple_overflow_open, kennysheep_decorative_pillar
D:4:      layout_loops_ring, nicolae_ru_sacrificial_ziggurat,
          gammafunk_ghost_necromancy
D:5:      layout_loops_ring, minmay_temple_entry_grid, serial_shops,
          kennysheep_mini_moat, uniq_pikel
D:6:      layout_gridville, gammafunk_ghost_nasty_kobolds,
          chequers_serial_rivers_small_a, kennysheep_nub
D:7:      layout_loops_ring, small_statue_intersection, dk_vineyard_1
D:8:      layout_rooms, marbit_many_paths, mainiacjoe_overflow_alcove_1,
          minmay_checkerbox, uniq_erica, uniq_joseph, uniq_maurice
Temple:   pf_slimified_temple

Skill      XL: |  1  2  3  4  5  6  7  8  9 |
---------------+----------------------------+-----
Fighting       | 1 2 3 4 5 6 7 |  7.7
Stealth        | 2 3 4 5 |  5.0
Spellcasting   | 4 5 6 7 |  7.5
Shields        | 3 |  3.6
Evocations     | 2 |  2.3
Dodging        | |  2.1

Action                   |  1- 3 |  4- 6 |  7- 9 | 10-12 || total
-------------------------+-------+-------+-------+-------++-------
Melee: Unarmed           |       |       |     6 |       ||     6
 Fire: Hunting sling     |       |       |    50 |       ||    50
 Cast: Magic Dart        |    47 |    51 |       |       ||    98
       Searing Ray       |     5 |    16 |    49 |     4 ||    74
       Fulminant Prism   |       |     2 |    16 |     5 ||    23
       Iskenderun's Myst |       |       |     2 |       ||     2
       Pain              |       |       |     1 |       ||     1
Invok: Curse Item        |       |       |     2 |       ||     2
Evoke: Wand              |       |       |     9 |       ||     9
  Use: Scroll            |       |     1 |    15 |       ||    16
       Potion            |       |       |     4 |       ||     4
Armor: Robe              |     2 |       |    19 |       ||    21
Dodge: Dodged            |     9 |    11 |    42 |     4 ||    66
Block: Buckler           |       |       |       |     2 ||     2
